[Event "Titled Tuesday Blitz November 22 Late 2022"]
[White "Osmak, Yuliia"]
[Black "Szyszylo, Rafal"]
[WhiteFideId "14101602"]
[BlackFideId "1109626"]
[WhiteElo "2328"]
[BlackElo "1981"]
[Result "1/2-1/2"]
[Round "05"]
[TimeControl "180+1"]
[Date "2022.11.23"]
[WhiteClock "0:00:13"]
[BlackClock "0:00:01"]

1. d4 g6 2. c4 Bg7 3. e4 d6 4. Nf3 Nf6 5. Nc3 O-O 6. Be2 Na6 7. Bf4 Nd7 8. O-O e5 9. Bg5 Qe8 10. Qd2 c6 11. Rad1 f6 12. Be3 Nc7 13. b4 f5 14. exf5 gxf5 15. dxe5 dxe5 16. Bg5 Ne6 17. c5 Kh8 18. Bc4 Qg6 19. Rfe1 e4 20. Qd6 exf3 21. h4 Nxg5 22. hxg5 Qxd6 23. cxd6 Bxc3 24. Re7 Bxb4 25. Be6 Nc5 26. Bc4 Bd7 27. Rd4 Rae8 28. Rh4 Rxe7 29. dxe7 Re8 30. Bf7 Rxe7 31. g6 Rxf7 32. gxf7 Ne4 33. gxf3 Be7 34. fxe4 Kg7 35. Rf4 Bd6 36. Rf3 Kxf7 37. Rd3 Ke7 38. exf5 Bxf5 39. Rb3 b5 40. Re3+ Be6 41. Rd3 Bd5 42. Rh3 Bg8 43. Rh6 Be5 44. Rxc6 Bxa2 45. Ra6 Bc4 46. Rxa7+ Ke6 47. Rxh7 b4 48. Rb7 b3 49. f3 b2 50. Kg2 Bd3 51. Rxb2 Bxb2 52. f4 Kf5 53. Kf3 Be4+ 54. Ke3 Bc1+ 55. Ke2 Bxf4 56. Kd1 Ke5 57. Ke2 Kd4 58. Kf2 Bg5 59. Ke2 Bf5 60. Kf2 Kd3 61. Kf3 Kd2 62. Kf2 Be4 63. Kg3 Ke3 64. Kg4 Bf4 65. Kh5 Bf5 66. Kh4 Ke4 67. Kh5 Ke5 68. Kh4 Ke4 69. Kh5 Be5 70. Kh4 Bf6+ 71. Kh5 1/2-1/2


[Site "https://www.chess.com"]

[Event "Titled Tuesday Blitz November 22 Late 2022"]
[White "Paiva, Henrique M A Albergaria"]
[Black "Sadhwani, Raunak"]
[WhiteFideId "1920995"]
[BlackFideId "35093487"]
[WhiteElo "1953"]
[BlackElo "2656"]
[Result "0-1"]
[Round "05"]
[TimeControl "180+1"]
[Date "2022.11.22"]
[WhiteClock "0:00:53"]
[BlackClock "0:01:37"]

1. Nf3 Nf6 2. d4 g6 3. c4 Bg7 4. Nc3 O-O 5. e4 d6 6. Be2 Nbd7 7. O-O e5 8. Re1 h6 9. Bf1 Re8 10. dxe5 dxe5 11. Nd5 Nh7 12. Be3 c6 13. Nc3 Nhf6 14. h3 Bf8 15. Qd2 Kh7 16. Rad1 Qc7 17. a3 b6 18. b4 Bb7 19. Qc2 a5 20. Qb3 axb4 21. axb4 Kg7 22. Ra1 Rxa1 23. Rxa1 Ra8 24. Rxa8 Bxa8 25. Be2 c5 26. Nd5 Bxd5 27. exd5 cxb4 28. Nd2 Bc5 29. Kf1 Qa7 30. g3 Qa3 31. Bd1 Bxe3 32. fxe3 Nc5 33. Qxa3 bxa3 34. Bb3 Nfe4 0-1


[Site "https://www.chess.com"]

[Event "Titled Tuesday Blitz November 22 Late 2022"]
[White "Pakleza, Zbigniew"]
[Black "Averjanov, Alexey"]
[WhiteFideId "1119290"]
[BlackFideId "14109867"]
[WhiteElo "2411"]
[BlackElo "2609"]
[Result "1-0"]
[Round "05"]
[TimeControl "180+1"]
[Date "2022.11.23"]
[WhiteClock "0:01:17"]
[BlackClock "0:02:15"]

1. d4 d5 2. Bf4 Nf6 3. e3 e6 4. Nd2 c5 5. c3 Bd6 6. Bg3 Qc7 7. Ngf3 Nbd7 8. Be2 O-O 9. c4 dxc4 10. Nxc4 Bxg3 11. hxg3 b6 12. Rc1 Bb7 13. O-O Rac8 14. dxc5 Nxc5 15. b4 Rfd8 16. Ncd2 Bxf3 17. Bxf3 Qd6 18. bxc5 Qxd2 19. Qxd2 Rxd2 20. cxb6 Rf8 21. bxa7 Rxa2 22. Ra1 Rxa1 23. Rxa1 1-0


[Site "https://www.chess.com"]

[Event "Titled Tuesday Blitz November 22 Late 2022"]
[White "Palencia Morales, Wilson Guillermo"]
[Black "Young, Ryan"]
[WhiteFideId "4401859"]
[BlackFideId "2049945"]
[WhiteElo "2160"]
[BlackElo "2305"]
[Result "0-1"]
[Round "05"]
[TimeControl "180+1"]
[Date "2022.11.23"]
[WhiteClock "0:01:16"]
[BlackClock "0:00:21"]

1. d4 Nf6 2. c4 e6 3. Nf3 Bb4+ 4. Nbd2 O-O 5. g3 d6 6. Bg2 Nbd7 7. O-O e5 8. Nb1 exd4 9. a3 Bc5 10. b4 Bb6 11. Nxd4 Re8 12. Nc3 Nf8 13. Nb3 c6 14. Bf4 Bc7 15. h3 Ng6 16. Bg5 h6 17. Be3 Be6 18. Nd2 d5 19. cxd5 Nxd5 20. Nxd5 Bxd5 21. Nf3 Qd7 22. Qd2 Rad8 23. Rfd1 Qc8 24. Qc2 Bxf3 25. exf3 Bxg3 26. Rxd8 Qxd8 27. Rd1 Qc8 28. fxg3 Rxe3 29. a4 Qe6 30. f4 Re2 31. Qc5 Rxg2+ 32. Kxg2 Qe2+ 33. Qf2 Qxd1 34. Qxa7 Qd2+ 35. Kf3 Qxb4 36. h4 h5 37. f5 Qc3+ 38. Kg2 Qc2+ 39. Kg1 Qxf5 40. Qxb7 Qd5 41. Qb8+ Kh7 42. Qb2 Qd1+ 43. Kf2 Qxa4 0-1


[Site "https://www.chess.com"]

[Event "Titled Tuesday Blitz November 22 Late 2022"]
[White "Pan, Kevin"]
[Black "Arngrimsson, Dagur"]
[WhiteFideId "30915708"]
[BlackFideId "2301288"]
[WhiteElo "2233"]
[BlackElo "2286"]
[Result "1-0"]
[Round "05"]
[TimeControl "180+1"]
[Date "2022.11.23"]
[WhiteClock "0:01:17"]
[BlackClock "0:00:19"]

1. e4 c5 2. Nc3 g6 3. g3 Bg7 4. Bg2 e6 5. d3 Ne7 6. Be3 d6 7. Qd2 O-O 8. Bh6 Nbc6 9. h4 Nd4 10. h5 f6 11. hxg6 hxg6 12. Nge2 g5 13. O-O-O b5 14. Nxd4 cxd4 15. Nxb5 Qb6 16. Na3 Ba6 17. Qe2 Rab8 18. b3 Qc5 19. Nc4 Bxc4 20. dxc4 Qe5 21. Qh5 d3 22. Bxg7 dxc2 23. Kxc2 Rfc8 24. Qh7+ Kf7 25. Bxf6+ Kxf6 26. Rh6+ Ng6 27. Rxg6# 1-0


[Site "https://www.chess.com"]

[Event "Titled Tuesday Blitz November 22 Late 2022"]
[White "Papp, Levente"]
[Black "Sreyas Payyappat"]
[WhiteFideId "751243"]
[BlackFideId "46674969"]
[WhiteElo "2380"]
[BlackElo "2083"]
[Result "1-0"]
[Round "05"]
[TimeControl "180+1"]
[Date "2022.11.23"]
[WhiteClock "0:00:56"]
[BlackClock "0:01:06"]

1. Nf3 Nf6 2. g3 g6 3. b3 Bg7 4. Bb2 b6 5. Bg2 Bb7 6. O-O O-O 7. c4 c5 8. d3 Nc6 9. e4 d6 10. Nc3 e5 11. Nd5 Nxd5 12. cxd5 Nd4 13. Nxd4 exd4 14. f4 f5 15. Re1 Qd7 16. exf5 Qxf5 17. Re7 Bxd5 18. g4 Qxf4 19. Bxd5+ Kh8 20. Qe2 Be5 21. Bxa8 Rxa8 22. Rf1 Qg5 23. Ref7 Kg8 24. Qf3 Qd2 25. Qxa8# 1-0


[Site "https://www.chess.com"]

[Event "Titled Tuesday Blitz November 22 Late 2022"]
[White "Paravyan, David"]
[Black "Yurovskykh, Oleksandr"]
[WhiteFideId "4194985"]
[BlackFideId "14134020"]
[WhiteElo "2546"]
[BlackElo "2265"]
[Result "1-0"]
[Round "05"]
[TimeControl "180+1"]
[Date "2022.11.23"]
[WhiteClock "0:00:07"]
[BlackClock "0:00:01"]

1. e4 e6 2. d4 d5 3. Nc3 dxe4 4. Nxe4 Bd7 5. Nf3 Bc6 6. Bd3 Nd7 7. c3 Ngf6 8. Nxf6+ Nxf6 9. O-O Bxf3 10. Qxf3 c6 11. Re1 Bd6 12. a4 a5 13. Bg5 h6 14. Bd2 Bc7 15. Rad1 Qd5 16. Qh3 Qh5 17. Qxh5 Nxh5 18. g3 Nf6 19. Kg2 O-O 20. Bc1 Rfd8 21. h3 Rd7 22. f4 g6 23. Kf3 h5 24. g4 hxg4+ 25. hxg4 Kg7 26. f5 exf5 27. gxf5 Rh8 28. Rh1 Rdd8 29. Rdg1 Rxh1 30. Rxh1 Ng8 31. Rg1 Ne7 32. b3 Bd6 33. fxg6 Nxg6 34. Rh1 Be7 35. Bh6+ Kg8 36. Be4 c5 37. Be3 b6 38. Rh5 Rc8 39. Bd5 cxd4 40. Bxd4 Bc5 41. Bf6 Be7 42. Bd4 Bc5 43. Rh6 Bxd4 44. Rxg6+ Bg7 45. c4 Rb8 46. Ke4 Kf8 47. Rc6 Bc3 48. Rc7 f6 49. Kf5 Rd8 50. Rf7+ Ke8 51. Rh7 Bb4 52. Kxf6 Rd6+ 53. Be6 Kd8 54. Ke5 Rd2 55. Rh8+ Kc7 56. Rh7+ Kb8 57. Bd5 Bc5 58. Rb7+ Kc8 59. Ra7 Rd3 60. Ra8+ Kc7 61. Ra7+ Kc8 62. b4 axb4 63. a5 bxa5 64. Rxa5 Bd4+ 65. Ke4 Rd2 66. Rb5 Bc3 67. c5 Re2+ 68. Kd3 Rd2+ 69. Ke4 Re2+ 70. Kf4 Re5 71. c6 Kc7 72. Rb7+ Kc8 73. Be4 Rh5 74. Bf5+ Rxf5+ 75. Kxf5 b3 76. Rxb3 Be1 77. Rb7 Bg3 78. Ke4 Bh2 79. Kd5 Bg3 80. Rb1 Bf4 81. Rf1 Bh2 82. Rf8+ Kc7 83. Rf7+ Kc8 84. Kc5 Bg1+ 85. Kb5 Be3 86. Re7 Bf2 87. Rg7 Be3 88. Kc4 Bf2 89. Kd5 Be3 90. c7 Bf4 91. Kc6 1-0


[Site "https://www.chess.com"]

[Event "Titled Tuesday Blitz November 22 Late 2022"]
[White "Petrovic, Aleksa"]
[Black "Tanenbaum, Zachary"]
[WhiteFideId "967629"]
[BlackFideId "2060850"]
[WhiteElo "2224"]
[BlackElo "2175"]
[Result "1-0"]
[Round "05"]
[TimeControl "180+1"]
[Date "2022.11.23"]
[WhiteClock "0:00:17"]
[BlackClock "0:00:18"]

1. d4 d5 2. c4 dxc4 3. e3 e5 4. Bxc4 Nc6 5. Nf3 e4 6. Nfd2 Qg5 7. Nxe4 Qxg2 8. Ng3 Nf6 9. Nc3 Bd6 10. Bf1 Bg4 11. Bxg2 Bxd1 12. Kxd1 O-O-O 13. Bxc6 bxc6 14. Nge4 Be7 15. Nxf6 Bxf6 16. Ke2 c5 17. dxc5 Bxc3 18. bxc3 Kb7 19. Rd1 Kc6 20. Ba3 f6 21. Rxd8 Rxd8 22. Rg1 Rd7 23. Rg4 g6 24. Ra4 Kb7 25. c6+ Kxc6 26. Rxa7 Rd5 27. Ra6+ Kb7 28. Rxf6 Rh5 29. Rf7 Kc6 30. Bb4 Rxh2 31. a4 h5 32. a5 h4 33. a6 Kb6 34. a7 Kxa7 35. Rxc7+ Kb6 36. Rg7 Rg2 37. Be7 g5 38. Rxg5 h3 39. Rh5 h2 40. Bd6 Kc6 41. Bxh2 Rg6 42. Bf4 Kb7 43. Rh7+ Ka8 44. Bh6 Rc6 45. e4 Rxc3 46. e5 Rc5 47. Ra7+ Kb8 48. Re7 Ka8 49. e6 Re5+ 50. Kf1 Rh5 51. Re8+ Kb7 52. e7 Re5 53. Rb8+ Kc7 54. Bf4 Kd6 55. e8=Q Kc5 56. Rb5+ Kc4 57. Qc6+ Kd3 58. Rb3+ Kd4 59. Qc3+ Kd5 60. Qd3+ Ke6 61. Qg6+ Kd5 62. Rd3+ Kc5 63. Qd6+ Kc4 64. Rd4+ Kc3 65. Qb4+ Kc2 66. Rd2+ Kc1 67. Re2+ Kd1 68. Qe1# 1-0


[Site "https://www.chess.com"]

[Event "Titled Tuesday Blitz November 22 Late 2022"]
[White "Pinheiro, Iung Alicio de O."]
[Black "Prem, Pranav"]
[WhiteFideId "2104350"]
[BlackFideId "30901057"]
[WhiteElo "2283"]
[BlackElo "1970"]
[Result "1-0"]
[Round "05"]
[TimeControl "180+1"]
[Date "2022.11.23"]
[WhiteClock "0:00:12"]
[BlackClock "0:00:09"]

1. e4 c5 2. Nf3 d6 3. Nc3 Nf6 4. e5 dxe5 5. Nxe5 Nbd7 6. d4 e6 7. Bb5 a6 8. Bxd7+ Bxd7 9. Be3 Qc7 10. Nxd7 Nxd7 11. d5 Nf6 12. dxe6 fxe6 13. Qf3 Bd6 14. Qh3 Qf7 15. O-O-O O-O-O 16. Na4 Qe7 17. Rhe1 Rhe8 18. Nb6+ Kb8 19. Qf3 Bc7 20. Na4 Bd6 21. b3 Qc7 22. g3 h6 23. c4 Ka8 24. Kc2 Nd7 25. Nc3 Ne5 26. Qe2 Rf8 27. f4 Nc6 28. Qf3 Nb4+ 29. Kb2 e5 30. f5 g6 31. g4 gxf5 32. gxf5 Qc8 33. Rf1 Bc7 34. Nd5 Nxd5 35. cxd5 Bd6 36. Qe4 Qc7 37. Rc1 Rg8 38. Rf2 a5 39. f6 Rgf8 40. Rcf1 Rf7 41. Rf5 Rh8 42. h4 h5 43. Bg5 Qd7 44. Qa4 Qxa4 45. bxa4 b6 46. Kc3 Kb7 47. Kc4 Ka6 48. Rb1 Rhh7 49. Rf2 Rb7 50. Rfb2 Rhf7 51. Rf1 Rh7 52. Rbf2 Rhf7 53. Rf5 Ka7 54. Be3 Rh7 55. Rg5 Rbf7 56. Rgf5 Kb7 57. Bd2 Kc7 58. Bg5 Kb7 59. Rb1 Ka7 60. Kb5 Kb7 61. Rbf1 Kc7 62. R1f2 Rh8 63. Kc4 Rhh7 64. Bd2 Rh8 65. Rg5 Rhf8 66. Rg6 Rh8 67. Bg5 Rhh7 68. Kd3 Kd7 69. Ke4 Rh8 70. Kf5 Bc7 71. Rg7 Rf8 72. Kg6 Ke8 73. Rxf7 Rxf7 74. Kxh5 c4 75. Kg6 e4 76. h5 Be5 77. h6 c3 78. h7 e3 79. h8=Q+ 1-0


[Site "https://www.chess.com"]

[Event "Titled Tuesday Blitz November 22 Late 2022"]
[White "Pranav, V"]
[Black "Naroditsky, Daniel"]
[WhiteFideId "25060783"]
[BlackFideId "2026961"]
[WhiteElo "2430"]
[BlackElo "2628"]
[Result "1/2-1/2"]
[Round "05"]
[TimeControl "180+1"]
[Date "2022.11.22"]
[WhiteClock "0:01:24"]
[BlackClock "0:00:52"]

1. e4 c6 2. Nf3 d5 3. Nc3 dxe4 4. Nxe4 Nf6 5. Qe2 Nxe4 6. Qxe4 Nd7 7. d4 Nf6 8. Qd3 g6 9. Bg5 Bg7 10. O-O-O Qa5 11. Kb1 Be6 12. a3 O-O 13. h3 Rad8 14. Qe3 Nd5 15. Qe1 Qxe1 16. Rxe1 h6 17. Bh4 Rfe8 18. Bg3 Bf5 19. Kc1 h5 20. Bc4 Bh6+ 1/2-1/2


[Site "https://www.chess.com"]

[Event "Titled Tuesday Blitz November 22 Late 2022"]
[White "Prydun, Andriy"]
[Black "Roque Sola, Gisela"]
[WhiteFideId "14145898"]
[BlackFideId "5120241"]
[WhiteElo "2163"]
[BlackElo "1961"]
[Result "1-0"]
[Round "05"]
[TimeControl "180+1"]
[Date "2022.11.23"]
[WhiteClock "0:00:12"]
[BlackClock "0:00:12"]

1. d4 Nf6 2. Nc3 d5 3. Bf4 e6 4. e3 Bd6 5. Bg3 O-O 6. Bd3 c5 7. dxc5 Bxc5 8. e4 dxe4 9. Nxe4 Nxe4 10. Bxe4 Nd7 11. Nf3 Nf6 12. Bd3 b6 13. O-O Bb7 14. Qe2 Qd5 15. a3 Rfd8 16. Rad1 Qh5 17. Nd2 Qxe2 18. Bxe2 Rd7 19. Nb3 Rad8 20. Nxc5 bxc5 21. Bc7 Rxd1 22. Rxd1 Rxd1+ 23. Bxd1 Nd5 24. Bb8 a6 25. Be2 Nb6 26. Bd6 Nd7 27. g3 f6 28. Bc4 Kf7 29. Kf1 Ne5 30. Bxe5 fxe5 31. Ke2 Ke7 32. Kd2 Kd6 33. h4 a5 34. Bd3 e4 35. Be2 Ke5 36. Ke3 Bc6 37. Bc4 h6 38. Bb3 g5 39. c3 gxh4 40. gxh4 Be8 41. Bd1 Bc6 42. Bg4 Bd5 43. Bh3 Bc4 44. Bg2 Bd3 45. f3 Bb1 46. fxe4 c4 47. Bf3 a4 48. Be2 Bxe4 49. Bxc4 Bc2 50. Bb5 1-0


[Site "https://www.chess.com"]

[Event "Titled Tuesday Blitz November 22 Late 2022"]
[White "Przybylski, Wojciech"]
[Black "Annaberdiyev, Babageldi"]
[WhiteFideId "1117599"]
[BlackFideId "14000385"]
[WhiteElo "2221"]
[BlackElo "2332"]
[Result "0-1"]
[Round "05"]
[TimeControl "180+1"]
[Date "2022.11.23"]
[WhiteClock "0:00:06"]
[BlackClock "0:00:51"]

1. e4 e6 2. d4 d5 3. Nc3 Nf6 4. Bg5 Be7 5. Bd3 Nxe4 6. Bxe7 Nxc3 7. Bxd8 Nxd1 8. Bxc7 Nxb2 9. Bb5+ Bd7 10. Rb1 Bxb5 11. Rxb2 Ba6 12. Bxb8 Rxb8 13. Nf3 Ke7 14. Kd2 f6 15. Rhb1 Rhc8 16. Rb3 Rc7 17. Ra3 Ra8 18. Rab3 b6 19. Re3 Bc8 20. Ra3 Rb8 21. Ne1 Bd7 22. Nd3 Kd6 23. Nb4 Rbc8 24. c3 e5 25. dxe5+ fxe5 26. Rd1 a5 27. Nc2 d4 28. Rb1 dxc3+ 29. Ke3 Rc6 30. Rd1+ Ke7 31. Rc1 Bf5 32. Ne1 c2 33. Nf3 Ke6 34. Kd2 Rd8+ 35. Ke1 Rcd6 36. Rxc2 Bxc2 37. Rc3 Bg6 38. g4 h6 39. h3 e4 40. Nh4 Rd1+ 41. Ke2 Bh7 42. Ng2 R8d2+ 43. Ke3 Rd3+ 44. Rxd3 Rxd3+ 45. Ke2 Rf3 46. Ne1 Rxh3 47. Nc2 Rd3 48. a4 g5 49. Ne1 Kd5 50. Ng2 Kc4 51. Ne3+ Rxe3+ 52. fxe3 Kb4 53. Kd2 Kxa4 54. Kc3 Kb5 0-1


[Site "https://www.chess.com"]

[Event "Titled Tuesday Blitz November 22 Late 2022"]
[White "Rangel, Daniel"]
[Black "Kaganskiy, Gleb"]
[WhiteFideId "2124475"]
[BlackFideId "4132025"]
[WhiteElo "2225"]
[BlackElo "2165"]
[Result "1/2-1/2"]
[Round "05"]
[TimeControl "180+1"]
[Date "2022.11.23"]
[WhiteClock "0:00:04"]
[BlackClock "0:00:10"]

1. d4 Nf6 2. c4 g6 3. Nc3 Bg7 4. e4 d6 5. Nf3 O-O 6. Be2 Nbd7 7. O-O e5 8. d5 Nc5 9. Qc2 a5 10. b3 b6 11. Bg5 h6 12. Bh4 g5 13. Bg3 Ncxe4 14. Nxe4 Nxe4 15. Qxe4 f5 16. Qc2 e4 17. Nd2 Bxa1 18. Rxa1 f4 19. Nxe4 Bf5 20. Bd3 fxg3 21. Nxg3 Bxd3 22. Qxd3 Qf6 23. Rf1 Rae8 24. f3 Re5 25. h3 Rfe8 26. Rf2 Re1+ 27. Kh2 R1e3 28. Qc2 R3e5 29. Qd2 Qf4 30. Qd3 Qf6 31. Qc2 Kh8 32. Qd2 Qg6 33. Ne4 Kg7 34. a3 Rxe4 35. fxe4 Qxe4 36. Qc3+ Qe5+ 37. Qxe5+ Rxe5 38. Rf3 Re4 39. a4 h5 40. Kg1 Kg6 41. Kf2 Rd4 42. Ke2 g4 43. hxg4 hxg4 44. Rf8 Re4+ 45. Kd2 Re7 46. Rg8+ Kf5 47. g3 Rh7 48. Ke3 Re7+ 49. Kd3 Rh7 50. Rf8+ Ke5 51. Re8+ Kf5 52. Rf8+ Ke5 53. Rf4 Rg7 54. Ke3 Rg5 55. Rf7 Rh5 56. Rxc7 Rh3 57. Re7+ Kf5 58. Rf7+ Kg5 59. Rg7+ Kf5 60. Kf2 Rh2+ 61. Ke3 Rg2 62. Rd7 Rxg3+ 63. Kd2 Ke5 64. Re7+ Kd4 65. Rg7 Rg2+ 66. Kc1 Kc3 67. Kd1 Kxb3 68. Rg6 Kxc4 69. Rxd6 Kc5 70. Rd8 Ra2 71. d6 Rxa4 72. d7 Rd4+ 73. Ke2 Kb5 74. Ke3 Rd1 75. Ke2 Rd6 76. Ke3 a4 77. Kf4 a3 78. Ra8 Rxd7 79. Rxa3 Rd4+ 80. Kg3 Rb4 81. Ra8 Kc4 82. Rc8+ Kb3 83. Kh4 b5 84. Kg3 Ka3 85. Ra8+ Kb2 86. Rb8 Rb3+ 87. Kf2 b4 88. Ke2 Ka2 89. Kd2 g3 90. Kc1 Rc3+ 91. Kd1 Kb3 92. Rg8 Rf3 93. Kd2 Kb2 94. Kd1 b3 95. Ke2 Rf2+ 96. Ke1 Kc2 97. Rxg3 Rh2 98. Rg8 b2 99. Rc8+ Kb1 100. Kd1 Rh1+ 101. Kd2 Rc1 102. Ra8 Rh1 103. Ra7 Rh2+ 104. Kd1 Rh3 105. Kd2 Rh1 106. Ra8 Rh2+ 107. Kd1 Rh1+ 108. Kd2 Rh2+ 109. Kd1 Rh1+ 110. Kd2 1/2-1/2


[Site "https://www.chess.com"]

[Event "Titled Tuesday Blitz November 22 Late 2022"]
[White "Remolar Gallen, Jose"]
[Black "Al-Tarboush, Ward"]
[WhiteFideId "2215187"]
[BlackFideId "7601450"]
[WhiteElo "2252"]
[BlackElo "2273"]
[Result "0-1"]
[Round "05"]
[TimeControl "180+1"]
[Date "2022.11.23"]
[WhiteClock "0:00:01"]
[BlackClock "0:01:09"]

1. e4 c5 2. Nf3 Nc6 3. Bb5 e6 4. O-O Nge7 5. Re1 Nd4 6. Bf1 Nec6 7. c3 Nxf3+ 8. Qxf3 Be7 9. d3 O-O 10. a4 e5 11. Na3 d6 12. Nc2 f5 13. Qe2 f4 14. Qf3 g5 15. h3 Qe8 16. b4 h5 17. g4 hxg4 18. hxg4 Qg6 19. b5 Nd8 20. d4 Be6 21. Bb2 Nf7 22. dxc5 dxc5 23. c4 Rad8 24. Rad1 Bf6 25. Rd5 Bxd5 26. cxd5 Nd6 27. Na3 Kg7 28. Nc4 Nxc4 29. Bxc4 Rh8 30. Rd1 Qh6 31. Kf1 Qh2 32. d6 Qh1+ 33. Qxh1 Rxh1+ 34. Ke2 Rxd1 35. Kxd1 Rxd6+ 36. Bd5 b6 37. Kc2 Kf8 38. Kb3 Bg7 39. Kc4 Rh6 40. a5 Rh2 41. Ba3 Rxf2 0-1


[Site "https://www.chess.com"]

[Event "Titled Tuesday Blitz November 22 Late 2022"]
[White "Reprintsev, Alexander"]
[Black "Czopor, Maciej"]
[WhiteFideId "14100541"]
[BlackFideId "21805431"]
[WhiteElo "2230"]
[BlackElo "2324"]
[Result "0-1"]
[Round "05"]
[TimeControl "180+1"]
[Date "2022.11.23"]
[WhiteClock "0:00:06"]
[BlackClock "0:00:15"]

1. e4 g6 2. d4 Bg7 3. Nc3 c6 4. Be3 d5 5. f3 Nf6 6. e5 Nfd7 7. h4 h5 8. Nh3 f6 9. Bd3 Nf8 10. Nf4 fxe5 11. Bxg6+ Nxg6 12. Nxg6 exd4 13. Bxd4 Rh6 14. Bxg7 Rxg6 15. Be5 Nd7 16. Qe2 Nxe5 17. O-O-O Nf7 18. g4 hxg4 19. h5 Re6 20. Qg2 Qd6 21. fxg4 Bd7 22. Rdf1 Rf6 23. g5 Rxf1+ 24. Rxf1 Qe5 25. Rg1 O-O-O 26. h6 Rg8 27. h7 Rxg5 28. Qh1 Qe3+ 29. Kd1 Rxg1+ 0-1


[Site "https://www.chess.com"]

[Event "Titled Tuesday Blitz November 22 Late 2022"]
[White "Risteski, Emil"]
[Black "Zakarian, David"]
[WhiteFideId "15005267"]
[BlackFideId "13301276"]
[WhiteElo "2251"]
[BlackElo "2307"]
[Result "1-0"]
[Round "05"]
[TimeControl "180+1"]
[Date "2022.11.23"]
[WhiteClock "0:00:22"]
[BlackClock "0:00:17"]

1. Nf3 Nf6 2. g3 d5 3. Bg2 e6 4. O-O Be7 5. d3 O-O 6. Nbd2 a5 7. e4 c6 8. e5 Nfd7 9. d4 c5 10. c3 Nc6 11. Re1 b6 12. Bf1 Ba6 13. Bxa6 Rxa6 14. h4 b5 15. h5 b4 16. h6 g6 17. Nf1 a4 18. a3 bxc3 19. bxc3 cxd4 20. cxd4 Qb6 21. N1h2 Rb8 22. Ng4 Qb3 23. Qe2 Qc4 24. Qxc4 dxc4 25. Ne3 Na5 26. Bd2 Nb3 27. Ra2 Rc6 28. Bc3 Nb6 29. Nd2 Bf8 30. Ne4 Bxh6 31. f4 Bf8 32. Kf2 Rd8 33. Rh1 Be7 34. Ng4 h5 35. Ngf6+ Kg7 36. g4 Nd5 37. gxh5 Nxc3 38. Nxc3 Bxf6 39. exf6+ Kxf6 40. hxg6 Kxg6 41. Ke3 Rxd4 42. Rg2+ Kf6 43. Ne4+ Ke7 44. Rh7 Rc8 45. Rgg7 Rf8 46. Ng5 Rd3+ 47. Kf2 c3 48. Nxf7 Kf6 49. Ne5 Rd2+ 50. Ke3 Rfd8 51. Rf7# 1-0


[Site "https://www.chess.com"]

[Event "Titled Tuesday Blitz November 22 Late 2022"]
[White "Rodriguez Santiago, Jaime"]
[Black "Aggelis, Nikolaos"]
[WhiteFideId "3100898"]
[BlackFideId "4213220"]
[WhiteElo "2025"]
[BlackElo "2189"]
[Result "0-1"]
[Round "05"]
[TimeControl "180+1"]
[Date "2022.11.23"]
[WhiteClock "0:00:50"]
[BlackClock "0:00:16"]

1. c4 c5 2. Nc3 Nc6 3. g3 g6 4. Bg2 Bg7 5. e4 e6 6. Nge2 Nge7 7. d3 d6 8. a3 O-O 9. O-O Nd4 10. Rb1 Rb8 11. b4 b6 12. Nxd4 cxd4 13. Ne2 b5 14. cxb5 Rxb5 15. f4 a5 16. Bd2 axb4 17. axb4 Qb6 18. g4 f5 19. Ng3 Bb7 20. Rf2 fxe4 21. Nxe4 Nd5 22. Ng5 Ne3 23. Bxe3 dxe3 24. Re2 Rxf4 25. Nxe6 Rxg4 26. Nxg7 Rxg2+ 27. Kf1 Rxe2 28. Kxe2 Kxg7 29. Qb3 Rf5 30. Qc3+ Kh6 31. Qc4 Qc6 32. Qh4+ Kg7 33. Qe7+ Rf7 34. Qxe3 Qg2+ 35. Kd1 Rf1+ 36. Qe1 Rxe1+ 37. Kxe1 Qg1+ 38. Kd2 Qxb1 39. Ke3 Qxb4 0-1


[Site "https://www.chess.com"]

[Event "Titled Tuesday Blitz November 22 Late 2022"]
[White "Roman, Rodrigo"]
[Black "Floresvillar Gonzalez, Luis Migu"]
[WhiteFideId "3701220"]
[BlackFideId "5100542"]
[WhiteElo "1995"]
[BlackElo "2040"]
[Result "0-1"]
[Round "05"]
[TimeControl "180+1"]
[Date "2022.11.23"]
[WhiteClock "0:00:02"]
[BlackClock "0:00:18"]

1. Nf3 d5 2. g3 c6 3. Bg2 Bg4 4. O-O Nd7 5. d3 e5 6. h3 Bh5 7. Nbd2 Ngf6 8. e4 Bc5 9. c3 O-O 10. Re1 dxe4 11. dxe4 b5 12. Nb3 Bb6 13. a4 a5 14. Qd6 Bxf3 15. Bxf3 Qc7 16. Qxc7 Bxc7 17. Rd1 Rfd8 18. Be3 Kf8 19. Nc5 Nxc5 20. Bxc5+ Ke8 21. Kf1 Rxd1+ 22. Rxd1 bxa4 23. Ra1 Rb8 24. Ra2 Rb5 25. Be3 Bb6 26. Bxb6 Rxb6 27. Ke2 Rb3 28. Kd3 a3 29. Rxa3 Rxb2 30. Rxa5 Rxf2 31. Rxe5+ Kd7 32. Ke3 Rh2 33. Rf5 Ke6 34. Rc5 Kd6 35. Rg5 Ne8 36. e5+ Ke7 37. Bxc6 h6 38. Rg4 h5 39. Rg5 g6 40. h4 Nc7 41. c4 Ne6 42. Bd5 Nxg5 43. hxg5 Rc2 44. Kd3 Rc1 45. Kd4 Rg1 46. c5 Rxg3 47. c6 Rxg5 48. Be4 Rg4 49. Ke3 Rxe4+ 50. Kxe4 g5 51. Kf5 h4 0-1


[Site "https://www.chess.com"]

[Event "Titled Tuesday Blitz November 22 Late 2022"]
[White "Romanchuk, Viktor"]
[Black "Jimenez Almeida, Luis David"]
[WhiteFideId "14109271"]
[BlackFideId "22242244"]
[WhiteElo "2242"]
[BlackElo "2158"]
[Result "0-1"]
[Round "05"]
[TimeControl "180+1"]
[Date "2022.11.23"]
[WhiteClock "0:00:01"]
[BlackClock "0:00:23"]

1. d4 g6 2. c4 Bg7 3. Nf3 f5 4. g3 Nf6 5. Bg2 O-O 6. b3 d6 7. Bb2 Nbd7 8. d5 Qe8 9. O-O a5 10. Nbd2 Nc5 11. Nd4 e5 12. dxe6 Nxe6 13. Nxe6 Qxe6 14. Nf3 c6 15. Qc2 Qe7 16. Rad1 h6 17. Ba3 Ne4 18. Nd2 Nc3 19. Rde1 a4 20. e4 axb3 21. Qxb3 f4 22. c5+ Be6 23. cxd6 Qf7 24. Qb4 Ra4 25. Qb6 Bd4 26. Qc7 Qxc7 27. dxc7 Rxa3 0-1


[Site "https://www.chess.com"]

[Event "Titled Tuesday Blitz November 22 Late 2022"]
[White "Rosen, Eric"]
[Black "Maksimovic, Bojan"]
[WhiteFideId "2032562"]
[BlackFideId "14408120"]
[WhiteElo "2362"]
[BlackElo "2447"]
[Result "0-1"]
[Round "05"]
[TimeControl "180+1"]
[Date "2022.11.23"]
[WhiteClock "0:00:01"]
[BlackClock "0:00:03"]

1. d4 Nf6 2. Bf4 g6 3. Nc3 Bg7 4. e4 d5 5. e5 Ne4 6. Nce2 f6 7. f3 Ng5 8. Bxg5 fxg5 9. Qd2 c5 10. Qxg5 cxd4 11. Nxd4 Nc6 12. O-O-O Nxe5 13. Bb5+ Kf8 14. Nge2 Nf7 15. Qh4 Qa5 16. Kb1 e5 17. Rhe1 g5 18. Qf2 exd4 19. Nxd4 Bf6 20. h4 gxh4 21. g3 h3 22. g4 h6 23. c3 a6 24. Bd3 Bd7 25. Rg1 Qb6 26. f4 Re8 27. g5 Bxd4 28. cxd4 hxg5 29. fxg5 Kg7 30. g6 Nh6 31. Qg3 Qf6 32. Bc2 Nf5 33. Qb3 Re7 34. Rh1 Ne3 35. Rde1 Nxc2 0-1


[Site "https://www.chess.com"]

[Event "Titled Tuesday Blitz November 22 Late 2022"]
[White "Rustemov, Alexander"]
[Black "Keymer, Vincent"]
[WhiteFideId "4119002"]
[BlackFideId "12940690"]
[WhiteElo "2876"]
[BlackElo "2600"]
[Result "1-0"]
[Round "05"]
[TimeControl "180+1"]
[Date "2022.11.22"]
[WhiteClock "0:00:17"]
[BlackClock "0:00:11"]

1. d4 Nf6 2. c4 e6 3. Nf3 d5 4. Nc3 c6 5. e3 Nbd7 6. Qc2 Bd6 7. b3 O-O 8. Be2 b6 9. O-O Bb7 10. Bb2 Re8 11. Rad1 Qe7 12. Rfe1 Rac8 13. e4 dxe4 14. Nxe4 Ba3 15. Bxa3 Qxa3 16. Nfd2 Red8 17. c5 Nxe4 18. Nxe4 Ba6 19. Nd6 Bxe2 20. Qxe2 Rb8 21. Nxf7 Kxf7 22. Qxe6+ Kf8 23. Qxc6 bxc5 24. Qd6+ Kg8 25. dxc5 Nxc5 26. Qe7 Qa5 27. Rxd8+ Rxd8 28. b4 Qb6 29. bxc5 Qa5 30. Qe6+ Kf8 31. Qe7+ Kg8 32. h3 h6 33. c6 Kh7 34. c7 Rg8 35. Rc1 Qf5 36. Qe2 Rc8 37. Qc2 Qxc2 38. Rxc2 Kg6 39. g4 Kf7 40. Kg2 Ke6 41. f4 Kd6 42. Kf3 Rxc7 43. Rxc7 Kxc7 44. Ke4 Kd6 45. Kf5 Ke7 46. Kg6 Kf8 47. h4 Kg8 48. a4 Kf8 49. a5 Kg8 50. a6 Kf8 51. f5 Kg8 52. f6 gxf6 53. Kxf6 h5 54. gxh5 Kh7 55. Ke6 Kh6 56. Kd6 Kxh5 57. Kc6 Kxh4 58. Kb7 1-0


[Site "https://www.chess.com"]